 Dungeon Sprint DCSS version 0.24-a0-251-g44e327e (webtiles) character file.

Game seed: 12949813394633656761

25 GEC the Skirmisher (level 3, -6/41 HPs)
             Began as an Ogre Skald on Apr 16, 2019.
             Mangled by an ogre
             ... wielding a +0 giant club
              (13 damage)
             ... in the Dungeon (Sprint I: "Red Sonja").
             The game lasted 00:00:57 (163 turns).

GEC the Skirmisher (Ogre Skald)                      Turns: 163, Time: 00:00:58

Health: -6/41      AC:  3    Str: 16    XL:     3   Next: 4%
Magic:  2/7        EV: 10    Int: 14    God:
Gold:   0          SH:  0    Dex:  8    Spells: 4/8 levels left

rFire    . . .     SeeInvis .   a - +0 mace
rCold    . . .     Gourm    .   (no shield)
rNeg     . . .     Faith    .   b - +0 robe
rPois    .         Spirit   .   (helmet restricted)
rElec    .         Reflect  .   (no cloak)
rCorr    .         Harm     .   (gloves unavailable)
MR       .....     NoTele   +   (boots unavailable)
Stlth    +.........             (no amulet)
HPRegen  0.13/turn              (no ring)
MPRegen  0.10/turn              (no ring)

@: no status effects
A: large, unfitting armour, tough skin 1
a: no special abilities


You were in the Dungeon.
You were not hungry.

You visited 1 branch

Inventory:

Hand Weapons
 a - a +0 mace (weapon)
Armour
 b - a +0 robe (worn)
Scrolls
 j - a scroll of blinking
Potions
 e - a potion of curing
 f - a potion of heal wounds
 g - a potion of haste
 h - 2 potions of magic
 i - a potion of berserk rage
Comestibles
 c - a chunk of flesh
 d - a ration


   Skills:
 * Level 4.8 Fighting
 + Level 2.6 Maces & Flails
 + Level 2.8 Dodging
 + Level 3.3 Spellcasting
 * Level 3.8 Charms


You had 4 spell levels left.
You knew the following spells:

 Your Spells              Type           Power        Failure   Level  Hunger
a - Infusion              Chrm           ##..         4%          1    #......
b - Spectral Weapon       Hex/Chrm       #.......     28%         3    ###....

Your spell library contained the following spells:

 Spells                   Type           Power        Failure   Level  Hunger
 Song of Slaying          Chrm           ##......     6%          2    ##.....
 Shroud of Golubria       Chrm/Tloc      #.........   14%         2    ##.....
 Regeneration             Chrm/Necr      #.........   28%         3    ###....


Dungeon Overview and Level Annotations

Branches:
Dungeon (1/1)

Altars:


Innate Abilities, Weirdness & Mutations

You are too large for most types of armour.
You have tough skin. (AC +1)


Message History

Ouch! That really hurt!
* * * LOW HITPOINT WARNING * * *
There is an open door, spattered with blood here.
You swap places.
The ogre misses your spectral weapon.
The ogre closely misses your spectral weapon.
The ogre hits your spectral weapon with a +0 giant club!!
Your spectral weapon shares its damage with you!
Your spectral weapon fades away.
* * * LOW HITPOINT WARNING * * *
Casting: Spectral Weapon (safe; 28% risk of failure)
Confirm with . or Enter, or press ? or * to list all spells.
You draw out your weapon's spirit!
You barely miss the ogre.
Your spectral weapon barely misses the ogre.
The ogre barely misses you.
You thump the ogre!
The ogre is moderately wounded.
Your spectral weapon hits the ogre.
The ogre hits you with a +0 giant club!
You die...

##########
#<.#.(O..#
#..).@#..+
#..#####+#
#..# #..#
#..# #⌠⌠#
####


You could see an ogre and a friendly spectral +0 mace.

Vanquished Creatures
  Ijyb (D)
1 creature vanquished.

Vanquished Creatures (others)
  A spectral weapon (D)
1 creature vanquished.

Grand Total: 2 creatures vanquished

Notes
Turn   | Place    | Note
-------+----------+-------------------------------------------
     0 | D        | GEC the Ogre Skald began the quest for the Orb.
     0 | D        | Reached XP level 1. HP: 22/22 MP: 3/3
     2 | D        | Noticed Ijyb
    20 | D        | Killed Ijyb
    20 | D        | Reached skill level 4 in Fighting
    20 | D        | Reached XP level 2. HP: 19/33 MP: 1/6
    20 | D        | Reached XP level 3. HP: 23/41 MP: 1/7
    76 | D        | Learned a level 3 spell: Spectral Weapon
   155 | D        | Noticed an ogre
   163 | D        | Mangled by an ogre

Levels and vault maps discovered:
D:        dungeon_sprint_1 [red_sonja_temple_1, red_sonja_temple_small_1]

Skill      XL: |  1 |
---------------+----+-----
Fighting       | 4 |  4.8
Maces & Flails | 2 |  2.6
Spellcasting   | 3 |  3.3
Charms         | 3 |  3.8
Dodging        | |  2.8

Action                   || total
-------------------------++-------
Melee: Mace              ||    19
 Cast: Infusion          ||     1
       Spectral Weapon   ||     2
Armor: Robe              ||     2
Dodge: Dodged            ||    11

Table legend:
 A = Non-vault XP
 B = Vault XP
 C = Vault XP percentage of total XP
 D = Non-vault monster count
 E = Vault monster count
 F = Vault count percentage of total count
                 A         B        C        D         E       F
            +---------+---------+-------+---------+---------+-------
      Total |       0 |      36 | 100.0 |       0 |       1 | 100.0
            +---------+---------+-------+---------+---------+-------
          D |       0 |      36 | 100.0 |       0 |       1 | 100.0
            +---------+---------+-------+---------+---------+-------
